 Dungeon Crawl Stone Soup version 0.31-a0-986-g5e6e4ef867 (webtiles) character file.

Game seed: 3693194475347316348

639 croobank the Covert (level 7, -3/49 HPs)
             Began as an Octopode Delver on Nov 8, 2023.
             Was an Initiate of Ashenzari.
             Killed from afar by an orc wizard (12 damage)
             ... with a puff of flame
             ... on level 5 of the Dungeon.
             The game lasted 00:09:14 (3369 turns).

croobank the Covert (Octopode Delver)               Turns: 3369, Time: 00:09:15

Health: -3/49      AC:  1    Str: 11    XL:     7   Next: 51%
Magic:  7/7        EV: 15    Int: 14    God:    Ashenzari [......]
Gold:   92         SH:  0    Dex: 14    Spells: 6/6 levels left

rFire   . . .        j - +2 rapier
rCold   . . .        (no shield)
rNeg    . . .        (helmet restricted)
rPois   +            (no amulet)
rElec   .            q - ring of Ashenzari's Vision {rPois, Range, Cun} (curse)
rCorr   .            (no ring)
SInv    .            (no ring)
Will    .....        (no ring)
Stlth   +++++        (no ring)
HPRegen 0.28/turn    (no ring)
MPRegen 0.10/turn    (no ring)
                     (no ring)

%: no passive effects
@: no status effects
A: almost no armour, amphibious, 8 rings, camouflage 1, gelatinous body 1,
(nimble swimmer 1), tentacles
a: Renounce Religion, Shatter the Chains


You were on level 5 of the Dungeon.
You worshipped Ashenzari.
Ashenzari was noncommittal.
You visited 2 branches of the dungeon, and saw 8 of its levels.

You collected 332 gold pieces.
You spent 240 gold pieces at shops.

Inventory:

Hand Weapons
 j - a +2 rapier (weapon)
 n - a +0 dagger
 r - a +0 short sword
 s - a +0 long sword
Missiles
 o - 8 poisoned darts
Jewellery
 q - the cursed ring of Ashenzari's Vision (left tentacle) {rPois, Range, Cun}
   (You bought it in a shop on level 4 of the Dungeon)

   [ring of poison resistance]

   rPois:     It protects you from poison It has a curse which improves the
   following skills: Ranged Combat: Ranged Weapons and Throwing.
   Cunning:   Dodging and Stealth.
Wands
 f - a wand of digging (3)
 t - a wand of mindburst (2)
Scrolls
 b - 2 scrolls of fog
 c - a scroll of revelation
 g - 2 scrolls of amnesia
 u - a scroll of blinking
Potions
 a - a potion of degeneration {unknown}
 d - a potion of curing
 e - a potion of haste
 h - a potion of mutation {unknown}
 k - a potion of might
 m - a potion of heal wounds
 p - a potion of brilliance {unknown}


   Skills:
 + Level 4.9 Fighting
 + Level 4.3 Short Blades
 + Level 4.3(4.7) Dodging
 + Level 8.7(9.1) Stealth


You had 6 spell levels left.
You didn't know any spells.
Your spell library contained the following spells:

 Spells                   Type           Power      Damage    Failure   Level
 Kiss of Death            Conj/Necr      0%         2d5       28%         1
 Blink                    Tloc           0%         N/A       41%         2
 Ensorcelled Hibernation  Hex/Ice        0%         N/A       41%         2
 Jinxbite                 Hex            0%         N/A       41%         2
 Lesser Beckoning         Tloc           0%         N/A       41%         2
 Momentum Strike          Conj/Tloc      0%         3d8       41%         2
 Confusing Touch          Hex            0%         N/A       65%         3
 Ozocubu's Armour         Ice            0%         N/A       65%         3
 Anguish                  Hex/Necr       0%         N/A       96%         4
 Dispel Undead            Necr           0%         3d6       96%         4
 Metabolic Englaciation   Hex/Ice        0%         N/A       100%        5
 Simulacrum               Ice/Necr       0%         N/A       100%        6


Dungeon Overview and Level Annotations

Branches:
Dungeon (7/15)             Temple (1/1) D:4

Altars:
Ashenzari
Cheibriados
Dithmenos
Elyvilon
Fedhas
Gozag
Hepliaklqana
Kikubaaqudgha
Makhleb
Nemelex Xobeh
Qazlal
Ru
Sif Muna
Trog
Uskayaw
Vehumet
Wu Jian
Yredelemnul
The Shining One

Shops:
D:4 =


Innate Abilities, Weirdness & Mutations

You cannot wear most types of armour.
You are amphibious.
You can wear up to eight rings at the same time.
Your skin changes colour to match your surroundings (Stealth+).
Your rubbery body absorbs attacks. (AC +1, EV +1)
((You are camouflaged when in or above water. (Stealth+)))
You have tentacles for arms and can constrict up to eight enemies at once.


Message History

The orc priest is moderately wounded.
You constrict the orc priest, but do no damage.
The orc priest calls down the wrath of Beogh upon you.
Beogh smites you!
You hit the orc priest but do no damage.
The orc priest is moderately wounded.
You constrict the orc priest.
The orc priest casts a cantrip, but nothing happens.
You hit the orc priest but do no damage.
You squeeze the orc priest!
You kill the orc priest!
The orc wizard mumbles some strange words.
The orc wizard flickers and vanishes!
Deactivating autopickup; reactivate with Ctrl-A.
Something hits you.
Things that are here:
a +0 dagger; a +0 chain mail You miss something.
Your squeeze misses something. Something hits you.
You puncture something! Something barely misses you.
You hit something.
Reactivating autopickup.
You feel a bit more experienced.
You closely miss the orc wizard. Your grab misses the orc wizard.
You squeeze the orc wizard.
The orc wizard is moderately wounded.
The orc wizard gestures wildly while chanting.
The orc wizard flickers and vanishes!
Deactivating autopickup; reactivate with Ctrl-A.
You miss something. Something hits you.
You hit something. You squeeze something. Something hits you.
You miss something. Something hits you.
You miss something. Your squeeze misses something. Something hits you.
* * * LOW HITPOINT WARNING * * *
You barely miss something. Something hits you.
* * * LOW HITPOINT WARNING * * *
You hit something.
You hear some strange, mumbled words.
A puff of flame appears from out of thin air!
The puff of flame hits you!
You die...

###
#.#
#<#
#.#
#@#
#{#
#.#
#.#
#.#
#.#
#.#
#.#


There were no monsters in sight!

Vanquished Creatures
  Sigmund (D:2)
  A scorpion (D:5)
  A howler monkey (D:4)
  A hound (D:4)
  An orc priest (D:5)
  A sleepcap (D:4)
  An iguana (D:4)
  Natasha (thrice) (D:2)
  3 orc wizards
  7 adders
  A worm (D:4)
  2 dart slugs
  An orc (D:4)
  3 ball pythons
  10 endoplasms
  3 giant cockroaches
  6 goblins
  A hobgoblin (D:1)
  6 jackals
  4 kobolds
  2 quokkas
  7 bats
  A frilled lizard (D:1)
  6 rats
73 creatures vanquished.

Notes
Turn   | Place    | Note
-------+----------+-------------------------------------------
     0 | D:5      | croobank the Octopode Delver began the quest for the Orb.
     0 | D:5      | Reached XP level 1. HP: 16/16 MP: 1/1
    22 | D:6      | Found a white marble altar of Elyvilon.
    82 | D:6      | Noticed a +0 hand axe
    83 | D:6      | Noticed a +0 hand axe
    85 | D:6      | Found a hide-covered altar of Uskayaw.
    85 | D:6      | Noticed a bullfrog
   177 | D:4      | Found a staircase to the Ecumenical Temple.
   185 | Temple   | Entered the Ecumenical Temple
   193 | Temple   | Became a worshipper of Ashenzari the Shackled
   316 | D:5      | Noticed a scorpion
   319 | D:5      | Killed a scorpion
   320 | D:5      | Reached skill level 7 in Stealth
   320 | D:5      | Reached XP level 2. HP: 21/21 MP: 2/2
   320 | D:5      | Reached XP level 3. HP: 26/26 MP: 3/3
   320 | D:5      | Reached XP level 4. HP: 31/31 MP: 4/4
   481 | D:2      | Noticed Natasha
   486 | D:2      | Killed Natasha
   983 | D:1      | Reached XP level 5. HP: 37/37 MP: 5/5
  1617 | D:2      | Noticed Natasha
  1637 | D:2      | Killed Natasha
  1722 | D:2      | Noticed Natasha
  1731 | D:2      | Killed Natasha
  1760 | D:2      | Noticed Sigmund
  1780 | D:2      | Killed Sigmund
  1781 | D:2      | Reached skill level 8 in Stealth
  1781 | D:2      | Reached XP level 6. HP: 44/44 MP: 6/6
  2252 | D:3      | Identified the +0 robe "Xutoomp" {Int+5}
  2443 | D:3      | Found an ancient bone altar of Kikubaaqudgha.
  2446 | D:3      | Found a faded altar of an unknown god.
  2609 | D:4      | Reached XP level 7. HP: 10/49 MP: 7/7
  2788 | D:4      | Found Doodgh's Jewellery Emporium.
  2813 | D:4      | Bought a ring of poison resistance for 240 gold pieces
  3369 | D:5      | Killed from afar by an orc wizard

Illustrated notes

Levels and vault maps discovered:
D:1:      saegor_arrival_simple_c, layout_loops_corners, chequers_mini_garden
D:2:      layout_rooms, uniq_sigmund, uniq_natasha
D:3:      layout_loops_ring, mainiacjoe_overflow_tiny_flanked,
          basic_ecumenical_altar
D:4:      layout_basic, minmay_temple_entry_hall, serial_shops, shop_statue
D:5:      layout_loops_ring, abandoned_shop, grunt_decor_resistance,
          minmay_misc_feat_room
D:6:      layout_rooms, dancing_weapons_uskayaw, amcnicky_altar_gilded,
          nicolae_ossuary_entry_false_entrances
D:7:      nzn_winding_woodlands_medium [nzn_winding_woodlands_5x5_three,
          nzn_winding_woodlands_5x15_sidewinder,
          nzn_winding_woodlands_5x5_cross,
          nzn_winding_woodlands_5x5_checkerboard,
          nzn_winding_woodlands_center_garden, nzn_winding_woodlands_hourglass,
          nzn_winding_woodlands_5x5_closed_star, nzn_winding_woodlands_5x15_eye,
          nzn_winding_woodlands_5x5_perimeter], layout_cave_pools, led_xom_imps,
          ebering_ghost_reflecting_pool, nrook_mini_backslash,
          serial_bayou_pond_c, uniq_jeremiah, uniq_duvessa
Temple:   nicolae_temple_bog_church

Skill      XL: |  1  2  3  4  5  6  7 |
---------------+----------------------+-----
Stealth        | 7 8 |  8.7
Dodging        | 3 4 |  4.3
Short Blades   | 3 4 |  4.3
Fighting       | 4 |  4.9

Action                     |  1- 3 |  4- 6 |  7- 9 || total
---------------------------+-------+-------+-------++-------
  Melee: Short sword       |    11 |    92 |       ||   103
         Tentacles         |     2 |    19 |     7 ||    28
         Constrict         |     1 |    19 |     6 ||    26
         Rapier            |       |    12 |    39 ||    51
         Punch             |       |       |     1 ||     1
 Invoke: Curse Item        |       |     1 |     1 ||     2
         Shatter the Chain |       |     1 |       ||     1
    Use: Scroll            |     1 |     9 |     2 ||    12
         Potion            |       |     1 |     2 ||     3
   Stab: Sleeping          |     1 |    30 |     1 ||    32
         Distracted        |       |     1 |       ||     1
         Invisible         |       |       |     3 ||     3
 Armour: Skin              |     4 |    46 |    19 ||    69
  Dodge: Dodged            |     7 |    78 |    20 ||   105

Table legend: (Time is in decaauts)
 A = Elapsed time spent in this place.
 B = Non-inter-level travel time spent in this place.
 C = Inter-level travel time spent in this place.
 D = Time resting spent in this place.
 E = Time spent auto-exploring this place.
 F = Levels seen in this place.
 G = Mean time per level.
                   A        B        C        D        E       F      G
               +--------+--------+--------+--------+--------+-----+--------+
         Total |   3350 |   3259 |     91 |    592 |   1850 |   8 |  418.8 |
       Dungeon |   3333 |   3257 |     76 |    592 |   1850 |   7 |  476.1 |
        Temple |     16 |      1 |     15 |      0 |      0 |   1 |   16.0 |
               +--------+--------+--------+--------+--------+-----+--------+

Top non-repeatable levels by time:
     D:4: 950 daAuts
     D:1: 931 daAuts
     D:3: 737 daAuts
     D:2: 579 daAuts
     D:6: 73 daAuts
     D:5: 45 daAuts
  Temple: 16 daAuts
     D:7: 15 daAuts
